 Dungeon Crawl Stone Soup version 0.15.0-18-g9076a4f (webtiles) character file.

6199 Medar the Grappler (level 10, 0/87 HPs)
             Began as a Troll Chaos Knight on Sept 6, 2014.
             Was a Plaything of Xom.
             Slain by a black mamba (13 damage)
             ... on Level 1 of the Lair of Beasts.
             The game lasted 00:25:45 (8167 turns).

Medar the Grappler (Troll Chaos Knight)             Turns: 8167, Time: 00:25:45

HP   0/87        AC  9     Str 22      XL: 10   Next: 61%
MP   8/8         EV 12     Int 10      God: Xom
Gold 156         SH  0     Dex 12      Spells:  0 memorised,  9 levels left

rFire  . . .     SeeInvis +       - Unarmed
rCold  . . .     Clarity  +     m - +2 robe
rNeg   . . .     rCorr    .     (shield restricted)
rPois  .         rRot     .     g - +2 hat
rElec  .         Spirit   .     (no cloak)
SustAb .         Warding  .     (gloves unavailable)
rMut   .         Stasis   .     (boots unavailable)
Gourm  +                        M - amulet of clarity
MR     +....                    p - ring of protection from magic
                                d - ring of see invisible

@: somewhat resistant to hostile enchantments, very unstealthy
A: unfitting armour, claws 3, clever 1, fast metabolism 3, frail 1, gourmand,
low mp 1, regeneration 2, saprovore 2, shaggy fur 1, tough skin 2
a: Renounce Religion


You were on level 1 of the Lair of Beasts.
You worshipped Xom.
You were a beloved toy of Xom.
You were completely stuffed.

You visited 2 branches of the dungeon, and saw 10 of its levels.
You also visited: Sewer.

You collected 498 gold pieces.
You spent 342 gold pieces at shops.

Inventory:

Hand weapons
 w - the +3 glaive "Cloiv" {flame, rC++}
   (You found it on level 4 of the Dungeon)

   It emits flame when wielded, causing extra injury to most foes and up to
   double damage against particularly susceptible opponents.
   Big, fiery blades are also staple armaments of hydra-hunters.
   It greatly protects you from cold.
 P - a +0 hunting sling
Missiles
 c - 2 javelins of penetration (quivered)
 o - a throwing net {=f =F}
 s - 154 stones
 v - 57 sling bullets
 D - 6 tomahawks
 E - 5 large rocks
 I - 15 poisoned needles
 R - 8 javelins
Armour
 g - a +2 hat (worn)
 m - a +2 robe (worn)
Magical devices
 N - a wand of enslavement (10)
Comestibles
 a - 3 meat rations
 h - 6 fruits
 k - 2 slices of pizza
 x - 2 bread rations
Scrolls
 e - 3 scrolls of remove curse {@r1}
 f - 2 scrolls of blinking
 j - 4 scrolls of recharging
 n - a scroll of enchant armour
 q - 5 scrolls of teleportation
 y - a scroll of torment {!r}
 H - a scroll of summoning {unknown}
 L - a scroll of identify {@r2}
 O - 2 scrolls of noise
Jewellery
 d - a ring of see invisible (left claw)
 i - an uncursed ring of flight
 p - a ring of protection from magic (right claw)
 G - an uncursed amulet of stasis
 J - an uncursed ring of teleportation
 M - an amulet of clarity (around neck)
Potions
 l - 3 potions of might
 t - 2 potions of agility
 u - 3 potions of flight
 A - a potion of heal wounds
 B - 2 potions of curing {@q1}
 C - a potion of brilliance
 F - 3 potions of restore abilities
Magical staves
 b - an uncursed staff of poison {!a}
Miscellaneous
 r - a disc of storms


   Skills:
 - Level 5.6 Fighting
 - Level 5.4 Dodging
 + Level 14.4 Unarmed Combat
 - Level 3.0 Evocations


You had 9 spell levels left.
You didn't know any spells.

Dungeon Overview and Level Annotations

Branches:
Dungeon (9/15)             Temple (0/1) D:7            Lair (1/8) D:9
    Orc: D:9-12

Altars:
Cheibriados
Fedhas
Makhleb
Nemelex Xobeh
Qazlal
Zin

Shops:
D:5 }   D:6 (   D:7 *

Annotations:
D:8 Gastronok; Maurice; Medar's ghost, experienced TrCK


Innate Abilities, Weirdness & Mutations

You are too large for most types of armour.
You have claws for hands.
Your metabolism is lightning-fast.
You like to eat raw meat.
You heal very quickly.
You can eat rotten meat.
You are covered in fur (AC +1).
You have very tough skin (AC +2).
Your mind is acute. (Int +2)
You are frail (-10% HP).
Your magical capacity is low (-10% MP).


Message History

You are too injured to fight recklessly!
You are too injured to fight recklessly!
You barely miss the black mamba.
The black mamba is heavily wounded.
You feel sick. The black mamba bites you!
You are more poisoned.
The black mamba poisons you!
Evoke which item? (* to show all) (? for menu, Esc to quit)
Zapping:
N - a wand of enslavement {zapped: 2}
Press: ? - help, Shift-Dir - straight line, f - black mamba
Aim: a black mamba (heavily wounded, bleeding)
The black mamba resists.
You feel sick.
The black mamba is no longer bleeding.
The black mamba bites you!!
* * * LOW HITPOINT WARNING * * *
You are more poisoned.
The black mamba poisons you! The black mamba misses you.
Drink which item? (? for menu, Esc to quit)
You feel better. The black mamba bites you!
You die...
Xom chortles!

... .......## .........##
...#..... # ..#.... ## ##.....
### ... #P.... ###
........###.#...S# ####
................@## ####
..................## ### ####
...............###.####.### ####
............... ##.##.....######.
.............>###..##......##.##.
..............##..P#.............
....<.................P##........
..#..%..........%%..####.#PP.....
.................#### ######....


You could see a black mamba.

Vanquished Creatures
  Pikel (D:7)
  Grinder (D:6)
  Eustachio (D:5)
  A deep elf fighter (D:7)
  Grum (D:8)
  3 hippogriffs
  A hungry ghost (D:5)
  5 yaks (D:6)
  2 wolves (D:8)
  Edmund (D:5)
  2 sky beasts
  2 slaves (D:7)
  A necrophage (D:5)
  3 boring beetles (D:9)
  2 phantoms
  An orc warrior (D:5)
  4 ogres
  Duvessa (D:7)
  2 centaurs
  A big kobold (Sewer)
  Blork the orc (D:5)
  2 scorpions
  A killer bee (Lair:1)
  A crimson imp (D:4)
  4 hounds
  Dowan (D:7)
  A quasit (D:7)
  3 orc priests
  A giant frog skeleton (D:5)
  2 orc wizards
  Natasha (twice) (D:6)
  3 iguanas
  5 worker ants
  7 gnolls
  A shadow imp (D:7)
  10 adders
  11 green rats
  3 giant mites
  An adder skeleton (D:8)
  2 giant geckos
  2 oozes
  18 orcs
  5 ball pythons
  14 hobgoblins
  4 jackals
  2 quokkas (D:4)
  13 bats
  9 giant cockroaches
  A giant gecko skeleton (D:5)
  11 giant newts
  A giant newt skeleton (D:5)
  15 goblins
  A hobgoblin skeleton (D:4)
  A jackal skeleton (D:8)
  22 kobolds
  A kobold zombie (D:3)
  An orc skeleton (D:5)
  32 rats
  A plant (Sewer)
252 creatures vanquished.

Vanquished Creatures (collateral kills)
  A hippogriff (D:8)
1 creature vanquished.

Vanquished Creatures (others)
  A giant frog (D:7)
  A crimson imp (D:6)
  An iron imp (D:6)
  A quokka (D:4)
4 creatures vanquished.

Grand Total: 257 creatures vanquished

Notes
Turn   | Place    | Note
--------------------------------------------------------------
     0 | D:1      | Medar, the Troll Chaos Knight, began the quest for the Orb.
     0 | D:1      | Reached XP level 1. HP: 22/22 MP: 1/1
    84 | D:1      | Reached XP level 2. HP: 29/29 MP: 1/1
   220 | D:1      | XOM: divination: detect items
   244 | D:1      | Reached skill level 4 in Unarmed Combat
   349 | D:1      | Reached XP level 3. HP: 36/36 MP: 2/2
   852 | D:2      | Reached skill level 5 in Unarmed Combat
   852 | D:2      | Reached XP level 4. HP: 44/44 MP: 2/2
   892 | D:2      | XOM: harmless Chrm miscast
  1161 | D:2      | Found a blossoming altar of Fedhas.
  1162 | D:2      | Found a glowing silver altar of Zin.
  1200 | D:2      | Found a burning altar of Makhleb.
  1201 | D:2      | Found a snail-covered altar of Cheibriados.
  1400 | D:3      | XOM: harmless Chrm miscast
  1473 | D:3      | Found a stormy altar of Qazlal.
  1510 | D:3      | XOM is BORED!
  1510 | D:3      | XOM: medium Necr miscast
  1576 | D:3      | XOM: noise
  1641 | D:3      | XOM: colour smoke trail
  1727 | D:3      | Reached XP level 5. HP: 50/50 MP: 2/2
  1794 | D:3      | XOM: polymorph hobgoblin -> kobold
  1974 | D:3      | XOM: vitrification
  2084 | D:3      | XOM: vitrification
  2285 | D:3      | XOM: summons friendly shadow imp
  2287 | D:3      | Reached skill level 6 in Unarmed Combat
  2309 | D:3      | XOM: divination: detect creatures
  2357 | D:3      | XOM: polymorph shadow imp -> ufetubus
  2436 | D:3      | XOM: colour smoke trail
  2572 | D:4      | Noticed an ogre
  2589 | D:4      | Killed an ogre
  2589 | D:4      | Reached skill level 7 in Unarmed Combat
  2589 | D:4      | Reached XP level 6. HP: 40/59 MP: 3/3
  2699 | D:4      | Got a smoking glaive
  2700 | D:4      | Identified the +3 glaive "Cloiv" {flame, rC++} (You found it on level 4 of the Dungeon)
  2705 | D:4      | Got an ancient robe
  2708 | D:4      | XOM: 6-stop teleportation journey
  2716 | D:4      | Identified the cursed -5 robe of Misfortune {-Cast Contam *Tele EV-4 Str-2 Dex-2 Int-2 Stlth-- Curse} (You found it on level 4 of the Dungeon)
  2731 | D:4      | Gained mutation: Your magical capacity is low (-10% MP). [mutagenic glow]
  2754 | D:4      | Noticed an ogre
  2754 | D:4      | XOM: blink monster(s)
  2773 | D:4      | XOM: destruction
  2776 | D:4      | XOM: confusion (+ monsters)
  2934 | D:4      | XOM: confuse monster(s)
  2940 | D:4      | Killed an ogre
  2975 | D:4      | Noticed an ogre
  2981 | D:4      | Killed an ogre
  2981 | D:4      | Reached skill level 8 in Unarmed Combat
  2981 | D:4      | Reached XP level 7. HP: 25/66 MP: 2/2
  3062 | D:4      | XOM: 1-stop teleportation journey
  3521 | D:5      | Entered Level 5 of the Dungeon
  3534 | D:5      | XOM: mild Tloc miscast
  3549 | D:5      | XOM: harmless Conj miscast
  3620 | D:5      | XOM: potion effect (experience)
  3620 | D:5      | Reached skill level 5 in Fighting
  3620 | D:5      | Reached skill level 5 in Dodging
  3620 | D:5      | Reached skill level 12 in Unarmed Combat
  3620 | D:5      | Reached XP level 8. HP: 74/81 MP: 2/2
  3633 | D:5      | XOM: summons 2 friendly demons
  3798 | D:5      | XOM: harmless Erth miscast
  3815 | D:5      | Found a glowing drain.
  3821 | Sewer    | Entered a sewer
  4071 | Sewer    | XOM: divination: detect creatures
  4202 | D:5      | Found Chon's Gadget Shoppe.
  4330 | D:5      | Noticed Blork the orc
  4338 | D:5      | XOM: cast spell 'Ring of Flames'
  4340 | D:5      | Killed Blork the orc
  4396 | D:5      | Reached XP level 9. HP: 88/88 MP: 3/3
  4837 | D:5      | XOM: cast spell 'Metabolic Englaciation'
  4838 | D:5      | XOM: confuse monster(s)
  4872 | D:5      | XOM: god gift: potion of restore abilities
  4983 | D:5      | Noticed Eustachio
  5000 | D:5      | Killed Eustachio
  5000 | D:5      | Reached skill level 13 in Unarmed Combat
  5089 | D:5      | Noticed Edmund
  5095 | D:5      | XOM: enchant monster (bad)
  5117 | D:5      | Killed Edmund
  5230 | D:5      | XOM: god gift: 21 stones
  5393 | D:6      | Found a sparkling altar of Nemelex Xobeh.
  5453 | D:6      | XOM: harmless Divn miscast
  5523 | D:6      | Noticed Grinder
  5526 | D:6      | Killed Grinder
  5538 | D:6      | XOM: divination: detect creatures
  5566 | D:6      | Found Ulux Lank's Weapon Boutique.
  5701 | D:6      | XOM: divination: detect items
  5762 | D:6      | XOM: summons 5 friendly demons
  6089 | D:6      | Noticed Natasha
  6093 | D:6      | Killed Natasha
  6120 | D:6      | Reached XP level 10. HP: 83/97 MP: 3/3
  6238 | D:6      | Noticed Natasha
  6243 | D:6      | Killed Natasha
  6570 | D:7      | XOM: enchant monster (bad)
  6581 | D:7      | Noticed Pikel
  6614 | D:7      | Killed Pikel
  6614 | D:7      | Reached skill level 14 in Unarmed Combat
  6669 | D:7      | Found Pnigh's Assorted Antiques.
  6676 | D:7      | Bought a ripped robe for 142 gold pieces
  6676 | D:7      | Bought a scroll of teleportation for 75 gold pieces
  6676 | D:7      | Bought a potion of heal wounds for 75 gold pieces
  6676 | D:7      | Bought a scroll of identify for 50 gold pieces
  6687 | D:7      | Identified the +0 robe of the Evil One {Str+3 Dex+3} (You bought it in a shop on level 7 of the Dungeon)
  6719 | D:7      | XOM: god gift: pair of gloves {god gift}
  6762 | D:7      | Noticed Dowan
  6763 | D:7      | Noticed Duvessa
  6770 | D:7      | XOM: enchant monster (good)
  6774 | D:7      | Killed Dowan
  6794 | D:7      | Killed Duvessa
  6839 | D:7      | Found a staircase to the Ecumenical Temple.
  7060 | D:7      | XOM: god gift: gnarled glowing rod {god gift}
  7062 | D:7      | Identified a +2 rod of ignition (12/12) (Xom gifted it to you on level 7 of the Dungeon)
  7076 | D:8      | XOM: summons 10 friendly demons
  7123 | D:8      | XOM: enchant monster (bad)
  7126 | D:8      | Reached skill level 1 in Evocations
  7286 | D:8      | XOM: god gift: disc of storms
  7375 | D:8      | Noticed Grum
  7383 | D:8      | XOM: enchant monster (good)
  7384 | D:8      | Killed Grum
  7400 | D:8      | Noticed Medar's ghost (experienced TrCK)
  7441 | D:8      | XOM: 2-stop teleportation journey
  7474 | D:8      | Noticed Gastronok
  7492 | D:8      | Noticed Gastronok
  7492 | D:8      | Gastronok changed into Gastronok the iron dragon
  7492 | D:8      | XOM: polymorph Gastronok -> Gastronok the iron dragon
  7496 | D:8      | Noticed Gastronok
  7496 | D:8      | Gastronok the iron dragon changed into Gastronok the acid blob
  7660 | D:8      | XOM: god gift: 49 gold pieces
  7757 | D:9      | Noticed Maurice
  7784 | D:9      | Gained mutation: You are frail (-10% HP). [mutagenic meat]
  7785 | D:9      | Gained mutation: Your mind is acute. (Int +2) [mutagenic meat]
  7888 | D:9      | Found a staircase to the Lair.
  7935 | Lair:1   | Entered Level 1 of the Lair of Beasts
  8100 | Lair:1   | XOM: vitrification
  8153 | Lair:1   | Noticed a black mamba
  8167 | Lair:1   | Slain by a black mamba

Action                   |  1- 3 |  4- 6 |  7- 9 | 10-12 || total
-------------------------+-------+-------+-------+-------++-------
Melee: Unarmed           |   118 |   167 |   247 |   156 ||   688
 Fire: Hunting sling     |       |       |     4 |       ||     4
Throw: Javelin           |       |       |     2 |       ||     2
Evoke: Wand              |       |       |       |     3 ||     3
       Rod               |       |       |       |     2 ||     2
  Use: Scroll            |     1 |     8 |    11 |     6 ||    26
       Potion            |       |     3 |       |     5 ||     8
 Stab: Sleeping          |     1 |       |       |     1 ||     2
       Confused          |       |       |     1 |       ||     1
       Paralysed         |       |       |       |     2 ||     2
  Eat: Chunk             |    13 |    20 |    24 |    24 ||    81
       Royal jelly       |       |       |       |     1 ||     1
